 Dungeon Crawl Stone Soup version 0.19.1 (webtiles) character file.

282 cuckmaster the Skirmisher (level 6, -5/63 HPs)
             Began as a Troll Monk on Dec 25, 2016.
             Was a Believer of Cheibriados.
             Slain by a gnoll
             ... wielding a +0 spear
              (9 damage)
             ... on level 4 of the Dungeon.
             The game lasted 00:06:57 (2822 turns).

cuckmaster the Skirmisher (Troll Monk)              Turns: 2822, Time: 00:06:57

Health: -5/63      AC:  5    Str: 26 (28) XL:     6   Next: 6%
Magic:  5/5        EV: 11    Int: 10 (12) God:    Cheibriados [**....]
Gold:   132        SH:  0    Dex: 16 (18) Spells: 0 memorised, 5 levels left

rFire  + . .     SeeInvis .       - Unarmed
rCold  . . .     Gourm    +     a - +0 robe
rNeg   . . .     Faith    .     (no shield)
rPois  .         Spirit   .     (helmet restricted)
rElec  .         Reflect  .     (no cloak)
rCorr  .         Harm     .     (gloves unavailable)
MR     .....                    (boots unavailable)
Stlth  ++........               (no amulet)
                                (no ring)
                                h - ring of protection from fire

@: very slow
A: unfitting armour, claws 3, fast metabolism 3, gourmand, regeneration 1,
shaggy fur 1, tough skin 2
a: Bend Time, Renounce Religion


You were on level 4 of the Dungeon.
You worshipped Cheibriados.
Cheibriados was pleased with you.
You were completely stuffed.

You visited 1 branch of the dungeon, and saw 4 of its levels.

You collected 132 gold pieces.

Inventory:

Missiles
 n - 5 silver tomahawks (quivered)
Armour
 a - a +0 robe (worn)
Jewellery
 h - a ring of protection from fire (left claw)
Scrolls
 c - a scroll of enchant armour {unknown}
 e - 2 scrolls of identify {unknown}
 f - a scroll of fog {unknown}
 g - a scroll of amnesia {unknown}
 k - a scroll of fear {unknown}
 l - a scroll of enchant weapon {unknown}
 p - 2 scrolls of remove curse {unknown}
Comestibles
 b - 4 bread rations
 d - 2 chunks of flesh
 i - a meat ration


   Skills:
 + Level 4.7 Fighting
 - Level 2.7 Dodging
 - Level 1.3 Stealth
 - Level 4.0 Unarmed Combat


You had 5 spell levels left.
You didn't know any spells.

Dungeon Overview and Level Annotations

Branches:
Dungeon (4/15)
 Temple: D:4-7

Altars:
Cheibriados
Makhleb


Innate Abilities, Weirdness & Mutations

You are too large for most types of armour.
You have claws for hands.
Your metabolism is lightning-fast.
You like to eat raw meat.
Your natural rate of healing is unusually fast.
You are covered in fur. (AC +1)
You have very tough skin. (AC +2)


Message History

The gnoll hits you but does no damage.
The gnoll hits you from afar with a vampiric spear!
* * * LOW HITPOINT WARNING * * *
The gnoll hits you from afar with a spear.
* * * LOW HITPOINT WARNING * * *
You aren't carrying any potions.
The gnoll closely misses you. The gnoll barely misses you.
The gnoll closely misses you. The gnoll barely misses you. The gnoll hits you.
* * * LOW HITPOINT WARNING * * *
The gnoll hits you but does no damage. x2; The gnoll completely misses you.
The gnoll closely misses you. The gnoll barely misses you.
The gnoll barely misses you. The gnoll hits you.
* * * LOW HITPOINT WARNING * * *
The gnoll hits you from afar with a spear.
* * * LOW HITPOINT WARNING * * *
The gnoll closely misses you. x2
The gnoll hits you from afar with a spear!
You die...

#####.P...##.....
#.......#....#..#
#................
###.....##.<.......
#.......#..........
##.....###..........
#...8...............
#####........##.........
##..........###@.........
##..........##.g..........
#............#g##.........
#.............g# .#.....
#............### .###.##
#..........## .# #
##...##...## .. #.##....##
.. #.##..### ..


You could see 3 gnolls.

Vanquished Creatures
  2 centaur zombies (D:4)
  An orc wizard (D:3)
  2 worker ants
  7 adders
  A worm (D:2)
  2 dart slugs (D:1)
  3 leopard geckos
  3 orcs (D:3)
  4 giant cockroaches
  7 hobgoblins
  A jackal (D:3)
  7 kobolds
  A quokka (D:2)
  2 ball pythons
  9 bats
  3 frilled lizards
  8 goblins
  5 rats
68 creatures vanquished.

Notes
Turn   | Place    | Note
-------+----------+-------------------------------------------
     0 | D:1      | cuckmaster the Troll Monk began the quest for the Orb.
     0 | D:1      | Reached XP level 1. HP: 22/22 MP: 0/0
    64 | D:1      | Reached XP level 2. HP: 27/29 MP: 1/1
   701 | D:1      | Reached XP level 3. HP: 36/36 MP: 2/2
  1050 | D:2      | Found a burning altar of Makhleb.
  1642 | D:2      | Reached XP level 4. HP: 44/44 MP: 3/3
  1824 | D:3      | Found a snail-covered altar of Cheibriados.
  1895 | D:3      | Became a worshipper of Cheibriados the Contemplative
  1895 | D:3      | Reached * piety under Cheibriados
  1895 | D:3      | Reached ** piety under Cheibriados
  2064 | D:3      | Reached XP level 5. HP: 49/54 MP: 4/4
  2626 | D:4      | HP: 1/55 [adder (4)]
  2629 | D:4      | Reached XP level 6. HP: 1/63 MP: 5/5
  2636 | D:4      | HP: 3/63 [poisoned by a worker ant]
  2813 | D:4      | HP: 2/63 [gnoll/spear (4)]
  2818 | D:4      | HP: 2/63 [gnoll (5)]
  2822 | D:4      | Slain by a gnoll

Skill      XL: |  1  2  3  4  5 |
---------------+----------------+-----
Unarmed Combat | 4 |  4.0
Fighting       | 3 4 |  4.7
Dodging        | |  2.7
Stealth        | |  1.3

Action                   |  1- 3 |  4- 6 || total
-------------------------+-------+-------++-------
Melee: Unarmed           |    81 |    84 ||   165
       Punch             |       |     3 ||     3
  Use: Potion            |       |     5 ||     5
 Stab: Sleeping          |     3 |     1 ||     4
  Eat: Chunk             |    15 |    13 ||    28
Armor: Robe              |    41 |    34 ||    75
       Skin              |       |     2 ||     2
Dodge: Dodged            |    35 |    89 ||   124
